 Dungeon Crawl Stone Soup version 0.23-b1-6-ga921848b48 (webtiles) character file.

Game seed: 13033859515668743695

128 Infinimo the Skirmisher (level 5, 0/57 HPs)
             Began as an Ogre Berserker on Feb 2, 2019.
             Was a Believer of Trog.
             Killed from afar by an orc wizard (10 damage)
             ... with a puff of frost
             ... on level 3 of the Dungeon.
             The game lasted 00:02:51 (2239 turns).

Infinimo the Skirmisher (Ogre Berserker)            Turns: 2239, Time: 00:02:51

Health: 0/57       AC:  3    Str: 21    XL:     5   Next: 12%
Magic:  14/14      EV: 14    Int:  9    God:    Trog [**....]
Gold:   101        SH:  0    Dex:  8    Spells: 4/4 levels left

rFire    . . .     SeeInvis .   a - +0 mace
rCold    . . .     Gourm    .   (no shield)
rNeg     . . .     Faith    .   b - +0 animal skin
rPois    .         Spirit   .   (helmet restricted)
rElec    .         Reflect  .   (no cloak)
rCorr    .         Harm     .   (gloves unavailable)
MR       .....                  (boots unavailable)
Stlth    +.........             (no amulet)
HPRegen  0.19/turn              i - +4 ring of evasion
MPRegen  0.14/turn              j - ring of magical power

@: berserk cooldown, slowed, very slow
A: large, unfitting armour, tough skin 1
a: Berserk, Trog's Hand, Renounce Religion


You were on level 3 of the Dungeon.
You worshipped Trog.
Trog was pleased with you.
You were not hungry.

You visited 1 branch of the dungeon, and saw 3 of its levels.

You collected 101 gold pieces.

Inventory:

Hand Weapons
 a - a +0 mace (weapon)
Armour
 b - a +0 animal skin (worn)
Jewellery
 i - a +4 ring of evasion (left hand)
 j - a ring of magical power (right hand)
 n - a +2 amulet of reflection {unknown}
Scrolls
 d - a scroll of amnesia {unknown}
 f - 2 scrolls of remove curse {unknown}
 h - 4 scrolls of identify {unknown}
 k - a scroll of enchant weapon {unknown}
 m - a scroll of fear {unknown}
Potions
 e - a potion of curing
 g - a potion of berserk rage {unknown}
 l - a potion of mutation {unknown}
 o - a potion of cancellation {unknown}
Comestibles
 c - 3 rations


   Skills:
 + Level 5.3 Fighting
 * Level 4.5 Maces & Flails
 - Level 2.6 Dodging


You had 4 spell levels left.
You didn't know any spells.
Your spell library was empty.

Dungeon Overview and Level Annotations

Branches:
Dungeon (3/15)

Altars:


Innate Abilities, Weirdness & Mutations

You are too large for most types of armour.
You have tough skin. (AC +1)


Message History

The orc wizard is heavily wounded.
The orc wizard is heavily wounded.
The orc wizard hits you with a +0 dagger.
The orc wizard is heavily wounded.
The orc wizard hits you with a +0 dagger.
* * * LOW HITPOINT WARNING * * *
The orc wizard is heavily wounded.
The orc wizard hits you with a +0 dagger.
* * * LOW HITPOINT WARNING * * *
The orc wizard hits you with a +0 dagger.
* * * LOW HITPOINT WARNING * * *
It was a potion of curing.
You feel better.
The orc wizard points at you and mumbles some strange words.
The magic dart hits you.
* * * LOW HITPOINT WARNING * * *
The orc wizard is severely wounded.
The orc wizard looks encouraged for a moment.
The orc wizard casts a spell at you. The puff of frost hits you!
You die...

##w.##############
.oo>..o...K......#
################.#
#.......#K#
#.#####.#.#
#)#..<#.#.#
#.#.###.#.#
#@#.....#.#
#o#######.#
#.....K...#
###########


You could see an orc wizard.

Vanquished Creatures
  An orc priest (D:3)
  Natasha (twice) (D:2)
  An adder (D:2)
  2 worms (D:2)
  3 orcs (D:3)
  A giant cockroach (D:2)
  6 goblins
  4 hobgoblins
  6 kobolds
  5 bats
  A frilled lizard (D:1)
  2 rats (D:2)
34 creatures vanquished.

Notes
Turn   | Place    | Note
-------+----------+-------------------------------------------
     0 | D:1      | Infinimo the Ogre Berserker began the quest for the Orb.
     0 | D:1      | Reached XP level 1. HP: 24/24 MP: 1/1
   211 | D:1      | Reached XP level 2. HP: 28/32 MP: 2/2
  1036 | D:2      | Reached XP level 3. HP: 40/40 MP: 3/3
  1419 | D:2      | Noticed Natasha
  1430 | D:2      | Killed Natasha
  1476 | D:2      | Noticed Natasha
  1479 | D:2      | Killed Natasha
  1479 | D:2      | Reached ** piety under Trog
  1479 | D:2      | Reached skill level 5 in Fighting
  1479 | D:2      | Reached XP level 4. HP: 13/50 MP: 4/4
  2217 | D:3      | Reached XP level 5. HP: 40/57 MP: 5/5
  2239 | D:3      | Killed from afar by an orc wizard

Skill      XL: |  1  2  3 |
---------------+----------+-----
Maces & Flails | 3 4 |  4.5
Fighting       | 5 |  5.3
Dodging        | |  2.6

Action                   |  1- 3 |  4- 6 || total
-------------------------+-------+-------++-------
Melee: Mace              |    84 |    42 ||   126
Invok: Berserk           |     3 |     2 ||     5
  Use: Potion            |       |     1 ||     1
  Eat: Chunk             |     4 |     2 ||     6
       Ration            |       |     1 ||     1
Armor: Animal skin       |    29 |    11 ||    40
Dodge: Dodged            |    55 |    29 ||    84
